 Dungeon Crawl Stone Soup version 0.16.2-12-gd0ad4c3 (webtiles) character file.

848 tognito the Skirmisher (level 7, -5/66 HPs)
             Began as a Minotaur Berserker on Oct 3, 2015.
             Was an Elder of Trog.
             Slain by a gnoll
             ... wielding a +0 spear
              (6 damage)
             ... on level 5 of the Dungeon.
             The game lasted 00:16:59 (4352 turns).

tognito the Skirmisher (Minotaur Berserker)         Turns: 4352, Time: 00:17:00

Health: -5/66      AC:  7    Str: 28    XL:     7   Next: 69%
Magic:  3/3        EV: 14    Int:  4    God:    Trog [****..]
Gold:   176        SH:  0    Dex: 10    Spells: 0 memorised, 6 levels left

rFire  . . .     SeeInvis .     a - +0 hand axe
rCold  . . .     Clarity  .     D - +0 scale mail
rNeg   . . .     SustAb   .     (no shield)
rPois  .         Gourm    .     (helmet restricted)
rElec  .         Spirit   .     u - +0 cloak
rCorr  +         Warding  .     (no gloves)
rMut   .         Stasis   .     (no boots)
MR     .....                    x - amulet of resist corrosion
Stlth  ..........               (no ring)
                                g - +3 ring of evasion

@: confused, mighty, exhausted, slowed, very slow, not resistant to hostile
enchantments, extremely unstealthy
A: retaliatory headbutt, horns 2
a: Burn Spellbooks, Berserk, Trog's Hand, Brothers in Arms, Renounce Religion


You were on level 5 of the Dungeon.
You worshipped Trog.
Trog was greatly pleased with you.
You were hungry.

You visited 1 branch of the dungeon, and saw 5 of its levels.

You collected 176 gold pieces.

Inventory:

Hand weapons
 a - a +0 hand axe (weapon)
 b - a +0 hunting sling
 F - a +0 hunting sling
Missiles
 e - 19 poisoned arrows
 h - 25 bolts
 k - 84 arrows
 o - 15 bolts of frost
 q - 2 javelins (quivered)
 s - 14 sling bullets
 C - 4 tomahawks
Armour
 u - a +0 cloak (worn)
 y - a +0 animal skin
 D - a +0 scale mail (worn)
Jewellery
 g - a +3 ring of evasion (left hand)
 x - an amulet of resist corrosion (around neck)
Scrolls
 d - 4 scrolls of identify {unknown}
 i - 3 scrolls of remove curse {unknown}
 j - 2 scrolls of enchant armour {unknown}
 r - a scroll of enchant weapon {unknown}
 v - 3 scrolls of amnesia {unknown}
 w - a scroll of recharging {unknown}
 z - a scroll of random uselessness {unknown}
 A - a scroll of teleportation {unknown}
Potions
 m - 2 potions of restore abilities
 E - a potion of invisibility {unknown}
Comestibles
 c - 4 bread rations
 f - 3 fruits
 l - a beef jerky
 n - 2 meat rations
 t - a royal jelly


   Skills:
 * Level 7.1 Fighting
 * Level 6.8 Axes
 + Level 2.7(2.8) Slings
 + Level 0.4(1.5) Throwing
 + Level 2.9 Armour
 + Level 4.3 Dodging
 + Level 1.2 Stealth


You had 6 spell levels left.
You didn't know any spells.

Dungeon Overview and Level Annotations

Branches:
Dungeon (5/15)             Temple (0/1) D:4

Altars:
Fedhas
Ru

Annotations:
D:5 Ijyb


Innate Abilities, Weirdness & Mutations

You reflexively headbutt those who attack you in melee.
You have a pair of horns on your head.


Message History

You barely miss something. You headbutt something. Trog accepts your kill.
Trog appreciates your killing of a magic user.
Reactivating autopickup.
You feel a bit more experienced. The gnoll hits you but does no damage.
The rat bites you but does no damage. The gnoll hits you but does no damage.
You're too confused to move!
The rat completely misses you. The gnoll closely misses you.
The rat closely misses you.
Things that are here:
a giant spiked club; a sling bullet; a giant cockroach corpse You slash the rat!
You kill the rat!
Trog accepts your kill. The gnoll closely misses you.
You're too confused to move!
The gnoll hits you from afar with a spear.
* * * LOW HITPOINT WARNING * * *
The gnoll hits you from afar with a spear.
You die...

##.#.#...o#.#......###
#.#.#.####'####.....#
#.#.#.#.^#.#^.#.....#
#.#.#.####.####.....#
#...#.#.^#.#^.#.....#
##..#.####.####.....#
.>..#.^#)#^.#.....#
..#g####(####.....#
#ggg†@..........#
#####...........#
##..........#
#..........#
#..........#
#..........#
#..........#
#......##### #......#


You could see 3 gnolls and a hobgoblin.

Vanquished Creatures
  An ogre (D:5)
  A phantom (D:5)
  Sigmund (D:5)
  Duvessa (D:4)
  A scorpion (D:4)
  A crimson imp (D:5)
  Dowan (D:4)
  A giant frog zombie (D:5)
  2 orc wizards
  Crazy Yiuf (D:3)
  2 orc priests (D:4)
  An iguana (D:5)
  2 worker ants (D:5)
  6 adders
  A shadow imp (D:5)
  3 worms (D:4)
  4 giant geckos
  3 oozes
  6 orcs
  A ball python (D:1)
  9 bats
  11 goblins
  12 hobgoblins
  3 jackals (D:4)
  A quokka (D:3)
  6 giant cockroaches
  7 giant newts
  13 kobolds
  7 rats
109 creatures vanquished.

Notes
Turn   | Place    | Note
--------------------------------------------------------------
     0 | D:1      | tognito, the Minotaur Berserker, began the quest for the Orb.
     0 | D:1      | Reached XP level 1. HP: 19/19 MP: 1/1
   194 | D:1      | Reached skill level 4 in Axes
   223 | D:1      | Reached XP level 2. HP: 16/27 MP: 1/1
  1256 | D:2      | Reached XP level 3. HP: 19/33 MP: 2/2
  1470 | D:2      | Acquired Trog's second power
  1598 | D:2      | Found a sacrificial altar of Ru.
  1611 | D:2      | Reached XP level 4. HP: 35/41 MP: 2/2
  2032 | D:2      | Reached skill level 5 in Fighting
  2527 | D:3      | Noticed Crazy Yiuf
  2533 | D:3      | Killed Crazy Yiuf
  2533 | D:3      | Reached skill level 5 in Axes
  2533 | D:3      | Reached XP level 5. HP: 37/48 MP: 2/2
  3006 | D:4      | Found a staircase to the Ecumenical Temple.
  3343 | D:4      | Reached XP level 6. HP: 36/57 MP: 3/3
  3479 | D:4      | Reached skill level 6 in Fighting
  3610 | D:4      | Found a blossoming altar of Fedhas.
  3619 | D:4      | Noticed Duvessa
  3621 | D:4      | Noticed Dowan
  3630 | D:4      | Killed Duvessa
  3630 | D:4      | Reached skill level 1 in Stealth
  3639 | D:4      | Killed Dowan
  4121 | D:4      | Reached skill level 1 in Slings
  4213 | D:5      | Entered Level 5 of the Dungeon
  4244 | D:5      | Acquired Trog's third power
  4316 | D:5      | Reached XP level 7. HP: 52/64 MP: 3/3
  4321 | D:5      | Reached skill level 7 in Fighting
  4324 | D:5      | Noticed Sigmund
  4333 | D:5      | Noticed Ijyb
  4344 | D:5      | HP: 2/66 [gnoll/spear (8)]
  4347 | D:5      | Killed Sigmund
  4352 | D:5      | HP: 1/66 [gnoll/spear (3)]
  4352 | D:5      | Slain by a gnoll

Action                   |  1- 3 |  4- 6 |  7- 9 || total
-------------------------+-------+-------+-------++-------
Melee: Hand axe          |    79 |   129 |    23 ||   231
 Fire: Hunting sling     |       |    37 |       ||    37
Throw: Javelin           |       |     4 |       ||     4
Invok: Burn Spellbooks   |     1 |       |       ||     1
       Berserk           |       |     1 |       ||     1
  Use: Potion            |     1 |     6 |     1 ||     8
 Stab: Sleeping          |     1 |       |       ||     1
  Eat: Chunk             |     2 |     9 |     1 ||    12
